 Dungeon Crawl Stone Soup version 0.22-a0-293-gc9362ec (webtiles) character file.

3952 tsouns the Spear-Bearer (level 10, -3/63 HPs)
             Began as an Octopode Gladiator on Mar 24, 2018.
             Was a High Priest of Makhleb.
             Slain by a killer bee (8 damage)
             ... on level 7 of the Dungeon.
             The game lasted 00:22:46 (6905 turns).

tsouns the Spear-Bearer (Octopode Gladiator)        Turns: 6905, Time: 00:22:46

Health: -3/63      AC:  4    Str: 15    XL:     10   Next: 21%
Magic:  17/17      EV: 15    Int: 13    God:    Makhleb [*****.]
Gold:   407        SH:  0    Dex: 13    Spells: 9/9 levels left

rFire    . . .     SeeInvis .   a - +1 trident
rCold    + . .     Gourm    .   (no shield)
rNeg     . . .     Faith    .   b - +1 hat
rPois    .         Spirit   .   C - amulet of magic regeneration
rElec    .         Reflect  .   h - ring of protection from cold
rCorr    .         Harm     .   i - ring of wizardry
MR       .....                  t - +2 ring of protection
Stlth    +++.......             (no ring)
HPRegen  0.20/turn              (no ring)
MPRegen  0.40/turn              (no ring)
                                (no ring)
                                (no ring)

@: lethally poisoned (-3 -> -12)
A: almost no armour, stealthy swim, amphibious, 8 rings, constrict 8, camouflage
1, gelatinous body 1
a: Minor Destruction, Lesser Servant of Makhleb, Major Destruction, Greater
Servant of Makhleb, Renounce Religion


You were on level 7 of the Dungeon.
You worshipped Makhleb.
Makhleb was extremely pleased with you.
You were not hungry.

You visited 1 branch of the dungeon, and saw 7 of its levels.
You also visited: Ossuary.

You collected 407 gold pieces.

Inventory:

Hand Weapons
 a - a +1 trident (weapon)
 l - a +3 hunting sling
Missiles
 c - a throwing net (quivered)
 e - 201 stones
 j - 44 sling bullets
 k - 67 bolts
 p - 6 javelins
Armour
 b - a +1 hat (worn)
 D - a +0 shield
Jewellery
 h - a ring of protection from cold (left tentacle)
 i - a ring of wizardry (right tentacle)
 t - a +2 ring of protection (on tentacle)
 C - an amulet of magic regeneration (around mantle)
Wands
 o - a wand of acid (9)
 u - a wand of flame (21)
Scrolls
 m - 6 scrolls of remove curse
 n - 6 scrolls of teleportation
 y - a scroll of amnesia
 B - a scroll of blinking
 E - a scroll of enchant weapon
Potions
 f - a potion of resistance
 g - 4 potions of flight
 q - 4 potions of curing
 s - 4 potions of berserk rage
 v - a potion of might {unknown}
 x - a potion of heal wounds {unknown}
 z - a potion of haste
 A - a potion of degeneration {unknown}
 F - a potion of ambrosia {unknown}
Comestibles
 d - 6 rations


   Skills:
 - Level 3.1 Fighting
 + Level 9.5 Polearms
 - Level 2.1 Throwing
 - Level 4.1 Dodging
 - Level 3.4 Stealth
 + Level 5.2 Shields
 + Level 9.5 Invocations


You had 9 spell levels left.
You didn't know any spells.

Dungeon Overview and Level Annotations

Branches:
Dungeon (7/15)             Temple (0/1) D:6

Altars:
Cheibriados
Dithmenos
Elyvilon
Hepliaklqana
Makhleb
Nemelex Xobeh
Ru
Uskayaw
Wu Jian
Yredelemnul

Shops:
D:6 %


Innate Abilities, Weirdness & Mutations

You cannot wear most types of armour.
You are very stealthy in the water. (Stealth+)
You are amphibious.
You can wear up to eight rings at the same time.
You can use your tentacles to constrict eight enemies at once.
Your skin changes colour to match your surroundings (Stealth+).
Your rubbery body absorbs attacks. (AC +1, EV +1)


Message History

The killer bee barely misses you. x2
An orc priest comes into view.
You release your grip on the killer bee.
You feel sick. The orc hits you but does no damage. The killer bee stings you!
You are more poisoned.
The killer bee poisons you! The centaur misses you.
You feel sick. The killer bee stings you.
The centaur wields an uncursed shortbow.
The centaur shoots an arrow.
The arrow hits you!
* * * LOW HITPOINT WARNING * * *
You see here an arrow.
* * * LOW HITPOINT WARNING * * *
You feel sick. The killer bee stings you.
* * * LOW HITPOINT WARNING * * *
* * * LOW HITPOINT WARNING * * *
You feel sick. The killer bee misses you.
There is a stone staircase leading up here.
* * * LOW HITPOINT WARNING * * *
You feel sick. The killer bee barely misses you. The killer bee stings you!
You die...

.# ####
...##....?
#......... ###
#.......$. ....
........ .....
#.....# #....
#....##..#
##...y@..#
#...ocy.##
#....(y##
#..#Y...# #...
#....# ##...#
#.. #o.....#
.....#
...........
....c
..o...##.....#
....
#.o...>....>#..


You could see an ice beast, a centaur, 3 killer bees and 3 orcs.

Vanquished Creatures
  Pikel (D:6)
  Sigmund (D:4)
  Edmund (D:6)
  3 orc warriors
  2 sky beasts (D:5)
  A black bear (D:7)
  2 centaurs
  An ogre (D:4)
  2 phantoms (D:6)
  4 bullfrogs
  2 elf zombies (Ossuary)
  Blork the orc (D:6)
  A big kobold (D:7)
  2 scorpions (D:5)
  2 wights (D:6)
  A bullfrog zombie (D:6)
  3 centaur zombies
  A crimson imp (D:5)
  2 human zombies (Ossuary)
  Crazy Yiuf (D:4)
  4 hounds
  8 orc priests
  2 jellies
  Jessica (D:2)
  3 iguanas
  6 orc wizards
  4 worker ants
  2 big kobold zombies (Ossuary)
  A hound zombie (Ossuary)
  A hound skeleton (D:4)
  3 mummies (Ossuary)
  3 gnolls (D:4)
  7 adders
  A shadow imp (D:7)
  2 adder zombies (Ossuary)
  2 worms
  3 dart slugs
  4 leopard geckos
  29 orcs
  2 ball pythons
  6 bats
  3 giant cockroaches
  3 gnoll zombies
  11 goblins
  7 hobgoblins
  17 jackals
  6 quokkas
  A ball python zombie (D:5)
  5 frilled lizards
  A giant cockroach zombie (D:6)
  7 goblin zombies
  2 hobgoblin zombies (Ossuary)
  3 jackal zombies (Ossuary)
  14 kobolds
  5 kobold zombies (Ossuary)
  2 orc zombies (Ossuary)
  2 quokka zombies (Ossuary)
  5 rats
  4 rat zombies
  A fungus (D:4)
227 creatures vanquished.

Vanquished Creatures (collateral kills)
  The ghost of Nr616 the Cudgeler, an amateur GrFi (D:4)
  An ogre (D:4)
  A centaur (D:6)
  A wyvern skeleton (D:6)
  2 wights (D:6)
  A jackal (D:6)
  A frilled lizard (D:4)
8 creatures vanquished.

Vanquished Creatures (others)
  2 slaves (D:6)
2 creatures vanquished.

Grand Total: 237 creatures vanquished

Notes
Turn   | Place    | Note
-------+----------+-------------------------------------------
     0 | D:1      | tsouns the Octopode Gladiator began the quest for the Orb.
     0 | D:1      | Reached XP level 1. HP: 14/14 MP: 1/1
     4 | D:1      | Noticed an electric eel
   264 | D:1      | Reached XP level 2. HP: 18/19 MP: 2/2
   450 | D:1      | Reached skill level 1 in Stealth
   481 | D:2      | Reached XP level 3. HP: 24/24 MP: 3/3
   502 | D:2      | Found a hazy altar of Hepliaklqana.
   502 | D:2      | Found a burning altar of Makhleb.
   508 | D:2      | Became a worshipper of Makhleb the Destroyer
   671 | D:2      | Found a faded altar of an unknown god.
   761 | D:2      | Noticed Jessica
   770 | D:2      | Reached XP level 4. HP: 20/30 MP: 4/4
   886 | D:2      | Killed Jessica
   886 | D:2      | Reached skill level 1 in Invocations
   932 | D:2      | Reached * piety under Makhleb
  1427 | D:3      | Found a shadowy altar of Dithmenos.
  1504 | D:3      | Found a sparkling altar of Nemelex Xobeh.
  1521 | D:3      | Reached XP level 5. HP: 35/35 MP: 6/6
  1813 | D:3      | Reached XP level 6. HP: 32/42 MP: 7/7
  2327 | D:4      | Reached ** piety under Makhleb
  2341 | D:4      | Found a sand-covered staircase.
  2391 | D:4      | Noticed Nr616's ghost (amateur GrFi)
  2464 | Ossuary  | Entered an ossuary
  2945 | Ossuary  | Reached XP level 7. HP: 44/46 MP: 9/9
  2953 | Ossuary  | Reached skill level 5 in Polearms
  3081 | Ossuary  | Reached *** piety under Makhleb
  3255 | D:4      | Killed Nr616's ghost
  3255 | D:4      | Reached skill level 5 in Invocations
  3255 | D:4      | Reached XP level 8. HP: 42/52 MP: 11/11
  3271 | D:4      | Noticed Sigmund
  3282 | D:4      | Killed Sigmund
  3388 | D:4      | Noticed a dagger
  3388 | D:4      | Noticed a dagger
  3389 | D:4      | Found a hide-covered altar of Uskayaw.
  3487 | D:4      | Found a white marble altar of Elyvilon.
  3897 | D:4      | Found a runed door.
  3900 | D:4      | Noticed Crazy Yiuf
  3903 | D:4      | Killed Crazy Yiuf
  3936 | D:5      | Entered Level 5 of the Dungeon
  4282 | D:5      | Reached **** piety under Makhleb
  4295 | D:5      | Reached XP level 9. HP: 55/56 MP: 14/14
  4317 | D:5      | Found an ornate altar of the Wu Jian Council.
  4347 | D:5      | Reached skill level 1 in Shields
  4725 | D:6      | Found a snail-covered altar of Cheibriados.
  4748 | D:6      | Found a sacrificial altar of Ru.
  4933 | D:6      | Noticed Blork the orc
  4936 | D:6      | Killed Blork the orc
  5504 | D:6      | Noticed Edmund
  5517 | D:6      | Killed Edmund
  5544 | D:6      | Noticed Pikel
  5553 | D:6      | Killed Pikel
  5584 | D:6      | Found Ithogiv's Food Shop.
  5738 | D:6      | Found a staircase to the Ecumenical Temple.
  5755 | D:6      | Reached XP level 10. HP: 40/63 MP: 16/16
  5913 | D:6      | Found a basalt altar of Yredelemnul.
  6162 | D:7      | Reached ***** piety under Makhleb
  6345 | D:7      | Reached skill level 5 in Shields
  6905 | D:7      | Slain by a killer bee

Vault maps used:
D:1:      arrival_aquarium_a
D:2:      gammafunk_temple_overflow_wave, chequers_ecumenical_altar_island,
          kennysheep_flooded_box, kennysheep_jessica_study
D:3:      nemelex_xobeh_ov_fountains_minmay, marbit_many_paths, first_ration,
          kennysheep_generic_room_5
D:4:      kennysheep_mini, dancing_weapons_uskayaw, enter_ossuary_4,
          uniq_crazy_yiuf_cottage, uniq_sigmund
D:5:      basic_altar
D:6:      hangedman_ru_absence, lemuel_zombie_altar_yredelemnul,
          cheibriados_altar_1, minmay_temple_entry_junction, serial_shops,
          shop_fountains, uniq_blork_the_orc, uniq_pikel, uniq_edmund
Ossuary:  minmay_ossuary_two_tombs

Skill      XL: |  1  2  3  4  5  6  7  8  9 10 |
---------------+-------------------------------+-----
Stealth        | 1 2 3 |  3.4
Invocations    | 1 2 3 5 7 9 |  9.5
Polearms       | 4 6 7 9 |  9.5
Fighting       | 3 |  3.1
Dodging        | 4 |  4.1
Shields        | 4 5 |  5.2
Throwing       | |  2.1

Action                   |  1- 3 |  4- 6 |  7- 9 | 10-12 || total
-------------------------+-------+-------+-------+-------++-------
Melee: Trident           |    78 |   175 |   324 |    83 ||   660
       Constrict         |    18 |    32 |    53 |    15 ||   118
       Tentacles         |    12 |    23 |    60 |    13 ||   108
Throw: Throwing net      |     1 |     2 |     1 |       ||     4
Invok: Minor Destruction |       |       |    29 |       ||    29
       Lesser Servant of |       |       |     3 |     1 ||     4
       Major Destruction |       |       |     1 |       ||     1
Evoke: Wand              |       |     1 |     4 |       ||     5
  Use: Scroll            |     1 |     8 |     6 |     1 ||    16
       Potion            |       |     2 |     1 |       ||     3
 Stab: Sleeping          |     6 |    14 |    12 |     2 ||    34
       Distracted        |     1 |       |     1 |       ||     2
       Invisible         |       |     4 |       |       ||     4
  Eat: Chunk             |       |     5 |     4 |     4 ||    13
       Ration            |       |     1 |     1 |       ||     2
Armor: Skin              |     3 |     7 |    26 |     6 ||    42
Dodge: Dodged            |    34 |    92 |   132 |    47 ||   305

Table legend:
 A = Spawn XP
 B = Non-spawn XP
 C = Spawn XP percentage of total XP
 D = Spawn monster count
 E = Non-spawn monster count
 F = Spawn count percentage of total count
 G = Total turns spent on level
                    A         B        C        D         E        F      G
               +---------+---------+-------+---------+---------+-------+---------
         Total |       0 |    5647 |   0.0 |       0 |     234 |   0.0 |  6905
               +---------+---------+-------+---------+---------+-------+---------
           D:1 |       0 |      32 |   0.0 |       0 |      17 |   0.0 |   476
           D:2 |       0 |     116 |   0.0 |       0 |      29 |   0.0 |   886
           D:3 |       0 |     208 |   0.0 |       0 |      26 |   0.0 |   927
           D:4 |       0 |     755 |   0.0 |       0 |      26 |   0.0 |   959
           D:5 |       0 |    1032 |   0.0 |       0 |      39 |   0.0 |   979
           D:6 |       0 |    2146 |   0.0 |       0 |      35 |   0.0 |  1352
           D:7 |       0 |     821 |   0.0 |       0 |      24 |   0.0 |   638
       Ossuary |       0 |     537 |   0.0 |       0 |      38 |   0.0 |   688
               +---------+---------+-------+---------+---------+-------+---------
